 Dungeon Crawl Stone Soup version 0.27-a0-1378-gdefffd1ff6 (webtiles) character file.

Game seed: 3258337871769388663

42 ABBCCCDDDD the Skirmisher (level 3, -10/31 HPs)
             Began as a Palentonga Fighter on June 29, 2021.
             Killed by divine providence
             ... invoked by an orc priest
              (15 damage)
             ... on level 3 of the Dungeon.
             The game lasted 00:02:09 (2037 turns).

ABBCCCDDDD the Skirmisher (Palentonga Fighter)      Turns: 2037, Time: 00:02:10

Health: -10/31     AC:  7    Str: 20    XL:     3   Next: 33%
Magic:  3/3        EV:  5    Int:  8    God:
Gold:   71         SH:  0    Dex:  9    Spells: 2/2 levels left

rFire    . . .     SeeInvis +   a - +0 flail
rCold    . . .     Faith    .   c - +0 kite shield
rNeg     . . .     Spirit   .   b - +0 scale mail
rPois    .         Reflect  .   (no helmet)
rElec    .         Harm     .   (no cloak)
rCorr    .         Rampage  .   h - +0 pair of gloves
Will     .....                  (no barding)
Stlth    ..........             (no amulet)
HPRegen  0.10/turn              (no ring)
MPRegen  0.08/turn              (no ring)

@: confused
A: large, rugged brown scales 3, see invisible, deformed body, roll 1, armoured
tail
a: Rolling Charge


You were on level 3 of the Dungeon.
You visited 1 branch of the dungeon, and saw 3 of its levels.

You collected 71 gold pieces.

Inventory:

Hand Weapons
 a - a +0 flail (weapon)
 i - a +2 dagger of venom
Missiles
 f - 85 stones
Armour
 b - a +0 scale mail (worn)
 c - a +0 kite shield (worn)
 h - a +0 pair of gloves (worn)
Jewellery
 e - an amulet of magic regeneration
 l - a ring of protection from cold
Scrolls
 m - a scroll of enchant armour {unknown}
Potions
 d - a potion of might
 g - a potion of curing {unknown}
 j - a potion of mutation {unknown}


   Skills:
 * Level 3.6 Fighting
 * Level 2.8 Maces & Flails
 - Level 2.4 Armour
 + Level 2.7 Shields


You had 2 spell levels left.
You didn't know any spells.
Your spell library was empty.

Dungeon Overview and Level Annotations

Branches:
Dungeon (3/15)

Altars:
Xom


Innate Abilities, Weirdness & Mutations

You are completely covered in rugged brown scales. (AC +3, +7% HP)
You have supernaturally acute eyesight. (SInv)
Armour fits poorly on your strangely shaped body.
You can roll at nearby foes to attack.
You have a long armoured tail.


Message History

a +0 hand axe; a +0 ring mail You see here a +0 leather armour.
You open the door.
There is an open door here.
An orc and an orc priest come into view.
The orc shouts!
The orc priest shouts!
The orc moves out of view.
An orc wizard comes into view. It is wielding a +0 dagger.
The orc wizard shouts!
You hit the orc priest but do no damage.
An orc comes into view.
It is wielding a +0 mace and wearing a +1 ring mail of poison resistance.
The orc barely misses you. You block the orc priest's attack.
An orc priest comes into view. It is wielding a +0 dagger.
The orc moves out of view.
The orc priest shouts!
You hit the orc priest but do no damage.
The orc hits you but does no damage. The orc priest hits you with a +0 mace!
The orc priest hits you but does no damage.
The orc wizard points at you and mumbles some strange words.
The magic dart hits you!
As you read the scroll labelled FYORODGH FADEPS, it crumbles to dust.
The scroll dissolves into smoke.
It was a scroll of fog.
You block the orc priest's attack.
The orc wizard gestures at you while chanting.
You resist with significant effort.
The orc priest miscasts a cantrip.
The orc wizard gestures wildly while chanting.
The orc wizard flickers and vanishes for a moment.
The orc priest invokes the aid of Beogh against you.
Pain shoots through your body!
* * * LOW HITPOINT WARNING * * *
The orc wizard points at you and mumbles some strange words.
The magic dart hits you.
* * * LOW HITPOINT WARNING * * *
The orc wizard points at you and mumbles some strange words.
You are confused.
There is an open door here.
The orc priest mumbles some strange prayers to Beogh against you.
Beogh smites you!
You die...

#...................#
#................)...
###.###.....[.......#
##...#....#..)......#
#..#...#..####.......
################..#......#......#
#.§§§§....o....##...#.##........#
..§§§§§§..o....'................#
..§o§§.§.oo....#@...#............
.o##############..#.#..#...###..#
o #.................
####...†##........
#.................
+.....#..#........ #
#..####..#........ #############
#. ####....##..#..
...#.<......####.##......##...#..


You could see an orc priest and an orc.

Vanquished Creatures
  A worm (D:3)
  An orc (D:3)
  2 ball pythons
  4 bats
  3 endoplasms
  4 goblins
  5 hobgoblins
  2 jackals (D:1)
  3 kobolds (D:1)
  3 quokkas
  3 rats (D:1)
31 creatures vanquished.

Notes
Turn   | Place    | Note
-------+----------+-------------------------------------------
     0 | D:1      | ABBCCCDDDD the Palentonga Fighter began the quest for the
                  | Orb.
     0 | D:1      | Reached XP level 1. HP: 19/19 MP: 1/1
   366 | D:1      | Reached XP level 2. HP: 20/25 MP: 2/2
   644 | D:1      | Found a faded altar of an unknown god.
  1425 | D:2      | Reached XP level 3. HP: 24/31 MP: 3/3
  1749 | D:3      | Found a shimmering altar of Xom.
  1751 | D:3      | Found a shimmering altar of Xom.
  2037 | D:3      | Killed from afar by an orc priest

Illustrated notes

Levels and vault maps discovered:
D:1:      lemuel_arrival_muddy, layout_loops_ring,
          hellmonk_ecumenical_altar_leap_of_faith, minmay_strange_pillars
D:2:      layout_loops_ring
D:3:      layout_rooms, okawaru_altar_gauntlet_db, xom_redecorated,
          grunt_gozag_statues, nrook_uturn

Action                   || total
-------------------------++-------
Melee: Flail             ||   110
       Tailslap          ||    15
  Use: Scroll            ||     1
Armor: Scale mail        ||    63
Dodge: Dodged            ||    34
Block: Kite shield       ||    53

Table legend: (Time is in decaauts)
 A = Elapsed time spent in this place.
 B = Non-inter-level travel time spent in this place.
 C = Inter-level travel time spent in this place.
 D = Time resting spent in this place.
 E = Time spent auto-exploring this place.
 F = Levels seen in this place.
 G = Mean time per level.
                   A        B        C        D        E       F      G
               +--------+--------+--------+--------+--------+-----+--------+
         Total |   2095 |   2044 |     51 |    656 |   1078 |   3 |  698.3 |
       Dungeon |   2095 |   2044 |     51 |    656 |   1078 |   3 |  698.3 |
               +--------+--------+--------+--------+--------+-----+--------+

Top non-repeatable levels by time:
     D:1: 1272 daAuts
     D:3: 613 daAuts
     D:2: 209 daAuts
